 Dungeon Crawl Stone Soup version 0.20-a0-550-gf70bbbc (webtiles) character file.

242 ololoev the Skirmisher (level 5, -1/42 HPs)
             Began as a Mummy Fire Elementalist on Feb 2, 2017.
             Was an Initiate of Gozag.
             Slain by a worker ant (2 damage)
             ... on level 5 of the Dungeon.
             The game lasted 00:09:34 (5142 turns).

ololoev the Skirmisher (Mummy Fire Elementalist)    Turns: 5142, Time: 00:09:35

Health: -1/42      AC:  8    Str: 13    XL:     5   Next: 82%
Magic:  9/9        EV:  9    Int: 14    God:    Gozag
Gold:   299        SH:  0    Dex: 12    Spells: 8/9 levels left

rFire    x . .     SeeInvis .   j - +0 short sword
rCold    + . .     Gourm    .   l - +0 scale mail (curse)
rNeg     + + +     Faith    .   (no shield)
rPois    ∞         Spirit   .   n - +0 helmet
rElec    .         Reflect  .   (no cloak)
rCorr    .         Harm     .   (no gloves)
MR       .....                  (no boots)
Stlth    ..........             (no amulet)
Regen    0.2/turn               (no ring)
                                (no ring)

@: no status effects
A: no food or potions, fire vulnerability, cold resistance 1, negative energy
resistance 3, torment resistance, unbreathing
a: Potion Petition, Call Merchant, Bribe Branch, Renounce Religion


Innate Abilities, Weirdness & Mutations

You do not eat or drink.
Your flesh is vulnerable to fire.
You are immune to poison.
Your flesh is cold resistant. (rC+)
You are immune to negative energy. (rN+++)
You are immune to unholy pain and torment.
You can survive without breathing.

Inventory:

Hand Weapons
 j - a +0 short sword (weapon)
Missiles
 f - 5 javelins (quivered)
 g - 6 javelins of returning
Armour
 l - a cursed +0 scale mail (worn)
 n - a +0 helmet (worn)
Scrolls
 a - 2 scrolls of teleportation {unknown}
 b - 2 scrolls of remove curse {unknown}
 c - a scroll of enchant weapon {unknown}
 d - a scroll of recharging {unknown}
 e - 4 scrolls of identify {unknown}
 h - 2 scrolls of blinking {unknown}
 i - a scroll of magic mapping {unknown}
 k - a scroll of fear {unknown}
 m - a scroll of fog {unknown}


   Skills:
 + Level 3.8 Fighting
 + Level 3.2 Armour
 - Level 1.5 Dodging
 - Level 1.5 Stealth
 - Level 2.6 Spellcasting
 - Level 0.7 Conjurations
 - Level 2.4 Fire Magic


You had 8 spell levels left.
You knew the following spells:

 Your Spells              Type           Power        Failure   Level  Hunger
a - Flame Tongue          Conj/Fire      #....        61%         1    N/A


You were on level 5 of the Dungeon.
You worshipped Gozag.
Gozag was aware of your devotion.
You were not hungry.

You visited 1 branch of the dungeon, and saw 5 of its levels.

You collected 459 gold pieces.
You paid 160 gold pieces to Gozag.

#...##...##.....# . $
.........##.....# ..
#...............##...
#....<...............
.....................
$
........[............
...##.<###...####..#
########(####..##.
#.....(@c......
#..>...oa......
#..............
#.....?###...##.
######+# ...# ...#
..# ..#

Notes
Turn   | Place    | Note
-------+----------+-------------------------------------------
     0 | D:1      | ololoev the Mummy Fire Elementalist began the quest for the Orb.
     0 | D:1      | Reached XP level 1. HP: 13/13 MP: 4/4
   287 | D:1      | Reached skill level 1 in Armour
   417 | D:1      | Reached XP level 2. HP: 2/20 MP: 0/5
   736 | D:1      | Reached skill level 1 in Fighting
  1296 | D:2      | Reached XP level 3. HP: 26/26 MP: 5/7
  1776 | D:2      | Found an opulent altar of Gozag.
  1784 | D:2      | Became a worshipper of Gozag Ym Sagoz the Greedy
  2131 | D:2      | Reached XP level 4. HP: 24/34 MP: 1/8
  2473 | D:3      | Found a sacrificial altar of Ru.
  2643 | D:3      | Found a basalt altar of Yredelemnul.
  2649 | D:3      | Found a burning altar of Makhleb.
  3075 | D:3      | Found an opulent altar of Gozag.
  3087 | D:3      | Found an iron altar of Okawaru.
  3206 | D:3      | Reached XP level 5. HP: 33/41 MP: 9/9
  3671 | D:3      | Iwannabefree: yo
  3674 | D:3      | Iwannabefree: umir?
  3674 | D:3      | ololoev: hi
  3674 | D:3      | ololoev: mnogo raz
  3885 | D:4      | Iwannabefree: redbek
  3894 | D:4      | Iwannabefree: redneck
  4087 | D:4      | Found a sparkling altar of Nemelex Xobeh.
  4453 | D:4      | Found a staircase to the Ecumenical Temple.
  4503 | D:4      | Noticed Robin
  4550 | D:4      | DEFE: Robin
  4577 | D:4      | Killed Robin
  5108 | D:5      | Entered Level 5 of the Dungeon
  5128 | D:5      | Noticed a centaur
  5142 | D:5      | HP: 1/42 [orc/flail (4)]
  5142 | D:5      | Slain by a worker ant

Dungeon Overview and Level Annotations

Branches:
Dungeon (5/15)             Temple (0/1) D:4

Altars:
Gozag
Makhleb
Nemelex Xobeh
Okawaru
Ru
Yredelemnul


Message History

No target in view!
No target in view!
You now have 409 gold pieces (gained 6).
You open the door.
Found a stone staircase leading down.
A centaur comes into view.
The centaur shouts!
The centaur wields a shortbow.
The centaur shoots an arrow.
The arrow hits you!
There is an open door here.
You see here an arrow.
A centaur is nearby!
A centaur is nearby!
A centaur is nearby!
You are too injured to fight recklessly!
You are too injured to fight recklessly!
You are too injured to fight recklessly!
The centaur shoots an arrow.
The arrow hits you.
You see here an arrow.
A worker ant and an orc come into view.
The orc shouts!
The worker ant twitches its antennae in your direction.
The centaur unwields an uncursed shortbow.
The centaur hits you.
The centaur hits you but does no damage.
You closely miss the centaur. The centaur hits you.
You barely miss the centaur. The centaur hits you. x2
Use which ability? (? or * to list) [a] - 812 gold - flight, agility, invisibility, heal wounds, curing and berserk rage [b] - 110 gold - heal wounds [c] - 851 gold - heal wounds, haste, agility, resistance and invisibility Purchase which effect?
You no longer have enough gold to petition Gozag for potion effects.
You feel much better. The centaur hits you.
You completely miss the centaur. The centaur closely misses you.
The centaur hits you. The orc completely misses you.
Unknown command.
You hit the centaur but do no damage.
The centaur hits you but does no damage.
The worker ant bites you. The orc barely misses you. The centaur hits you.
Unknown command.
You hit the centaur.
The centaur is lightly wounded.
The worker ant bites you but does no damage.
The centaur hits you but does no damage.
The orc closely misses you. The worker ant closely misses you.
The centaur hits you.
Unknown command.
You barely miss the centaur.
The centaur is lightly wounded.
The centaur hits you but does no damage.
The worker ant barely misses you. The orc barely misses you.
Unknown command.
You hit the centaur.
The centaur is lightly wounded.
The centaur hits you.
The worker ant bites you but does no damage.
The centaur closely misses you. The orc hits you but does no damage.
Unknown command.
You barely miss the centaur.
The centaur is lightly wounded.
The worker ant barely misses you. The centaur closely misses you.
The worker ant barely misses you.
The centaur hits you but does no damage.
Unknown command.
You hit the centaur.
The centaur is moderately wounded.
The orc hits you with a flail. The centaur barely misses you.
The worker ant bites you.
Unknown command.
You hit the centaur.
The centaur is heavily wounded.
The centaur hits you. The orc hits you but does no damage.
The worker ant barely misses you. The centaur barely misses you.
Unknown command.
You hit the centaur.
The centaur is severely wounded.
The worker ant bites you but does no damage.
The centaur hits you. The orc hits you with a flail. The worker ant bites you.
You die...
Your body crumbles into a pile of gold.

You could see a centaur, a worker ant and an orc.

Vanquished Creatures
  A hound (D:3)
  A worker ant (D:4)
  Robin (D:4)
  7 adders
  An ooze (D:2)
  2 worms (D:2)
  2 dart slugs
  3 leopard geckos
  4 orcs (D:3)
  12 bats
  4 giant cockroaches
  10 goblins
  12 hobgoblins
  12 jackals
  7 kobolds
  A quokka (D:3)
  A ball python (D:1)
  2 frilled lizards (D:1)
  7 rats
90 creatures vanquished.

Action                   |  1- 3 |  4- 6 || total
-------------------------+-------+-------++-------
Melee: Unarmed           |     1 |       ||     1
       Short sword       |     1 |   276 ||   277
Throw: Javelin           |    56 |     1 ||    57
 Cast: Flame Tongue      |    48 |    26 ||    74
Invok: Potion Petition   |       |     2 ||     2
 Stab: Sleeping          |       |     1 ||     1
       Distracted        |       |     2 ||     2
Armor: Robe              |    13 |     1 ||    14
       Ring mail         |       |    13 ||    13
       Scale mail        |       |   127 ||   127
Dodge: Dodged            |    35 |   231 ||   266

Vault maps used:
D:1:      zelgadis_glass_arrival_small, minmay_gold_behind_fungi, minmay_tall_x
D:2:      grunt_gozag_statues
D:3:      makhleb_heckhound_becter, nicolae_overflow_quartered_altars,
          kennysheep_generic_room_2
D:4:      nemelex_xobeh_ov_fountains_minmay, temple_hall, first_bread,
          uniq_robin
D:5:      lemuel_crystal_altar, lemuel_blue_sif_altar, uniq_grinder
